 Dungeon Crawl Stone Soup version 0.26-a0-738-g91b530ce93 (webtiles) character file.

Game seed: 5443071059110667967

5979 Queen the Carver (level 11, -9/83 HPs)
             Began as a Human Fighter on Nov 5, 2020.
             Was a Priest of Makhleb.
             Killed from afar by Harold (17 damage)
             ... with a harpoon shot
             ... on level 6 of the Dungeon.
             The game lasted 00:34:41 (8558 turns).

Queen the Carver (Human Fighter)                    Turns: 8558, Time: 00:34:41

Health: -9/83      AC: 11    Str: 20    XL:     11   Next: 10%
Magic:  14/14      EV: 15    Int:  8    God:    Makhleb [***...]
Gold:   407        SH: 11    Dex: 19    Spells: 10/10 levels left

rFire    . . .     SeeInvis .   a - +0 long sword
rCold    . . .     Faith    .   c - +0 kite shield
rNeg     . . .     Spirit   .   b - +0 scale mail
rPois    .         Reflect  .   D - +0 helmet
rElec    .         Harm     .   x - +0 cloak
rCorr    .         Rampage  .   r - +0 pair of gloves (curse)
MR       .....                  (no boots)
Stlth    ..........             m - amulet of regeneration
HPRegen  0.63/turn              I - +4 ring of evasion
MPRegen  0.14/turn              v - +6 ring of dexterity

@: no status effects
A: no striking features
a: Minor Destruction, Lesser Servant of Makhleb, Renounce Religion


You were on level 6 of the Dungeon.
You worshipped Makhleb.
Makhleb was most pleased with you.
You visited 1 branch of the dungeon, and saw 9 of its levels.
You also visited: Ossuary.

You collected 479 gold pieces.
You spent 72 gold pieces at shops.

Inventory:

Hand Weapons
 a - a +0 long sword (weapon)
Armour
 b - a +0 scale mail (worn)
 c - a +0 kite shield (worn)
 r - a cursed +0 pair of gloves (worn)
 x - a +0 cloak (worn)
 D - a +0 helmet (worn)
Jewellery
 m - an amulet of regeneration (around neck)
 n - an uncursed ring of resist corrosion
 v - a +6 ring of dexterity (right hand)
 I - a +4 ring of evasion (left hand)
Wands
 E - a wand of random effects (17)
 H - a wand of flame (8)
 J - a wand of enslavement (9)
Scrolls
 g - 6 scrolls of enchant armour
 h - 6 scrolls of teleportation
 j - 5 scrolls of enchant weapon
 k - a scroll of amnesia
 p - a scroll of fear {unknown}
 q - 10 scrolls of remove curse
 y - 3 scrolls of immolation
 C - a scroll of fog
 G - a scroll of blinking {unknown}
 L - a scroll of summoning {unknown}
Potions
 d - 5 potions of might
 e - 4 potions of mutation {unknown}
 f - 10 potions of curing {unknown}
 i - 5 potions of cancellation {unknown}
 l - 2 potions of heal wounds {unknown}
 o - 2 potions of resistance {unknown}
 s - a potion of invisibility {unknown}
 t - 2 potions of berserk rage {unknown}
 u - 4 potions of flight {unknown}
 w - 10 potions of degeneration {unknown}
 z - 3 potions of stabbing {unknown}
 A - 6 potions of lignification {unknown}
 B - a potion of brilliance {unknown}
 K - a potion of haste {unknown}
Miscellaneous
 F - a tin of tremorstones (3/3)


   Skills:
 + Level 6.7 Fighting
 + Level 10.1 Long Blades
 + Level 7.1 Armour
 + Level 3.6 Dodging
 + Level 7.5 Shields
 * Level 4.2 Invocations


You had 10 spell levels left.
You didn't know any spells.
Your spell library contained the following spells:

 Spells                   Type           Power        Failure   Level
 Foxfire                  Conj/Fire      #...         96%         1
 Magic Dart               Conj           #...         96%         1
 Sandblast                Erth           #.....       96%         1
 Summon Small Mammal      Summ           #...         96%         1
 Blink                    Tloc           N/A          99%         2
 Call Imp                 Summ           #.......     99%         2
 Passwall                 Tmut/Erth      #.......     99%         2
 Slow                     Hex            #.......     99%         2
 Call Canine Familiar     Summ           #.......     100%        3
 Conjure Flame            Conj/Fire      #.......     100%        3
 Inner Flame              Hex/Fire       #.......     100%        3
 Mephitic Cloud           Conj/Pois/Air  #.......     100%        3
 Stone Arrow              Conj/Erth      #.....       100%        3
 Summon Guardian Golem    Hex/Summ       #.......     100%        3
 Petrify                  Tmut/Erth      #.......     100%        4
 Sticky Flame             Conj/Fire      #.......     100%        4
 Summon Ice Beast         Ice/Summ       #.......     100%        4
 Summon Lightning Spire   Summ/Air       #.......     100%        4
 Fireball                 Conj/Fire      #.........   100%        5
 Lee's Rapid Deconstruct  Erth           #.........   100%        5


Dungeon Overview and Level Annotations

Branches:
Dungeon (9/15)             Temple (0/1) D:5            Lair (0/6) D:9
Ossuary (visited)
    Orc: D:9-12

Altars:
Cheibriados
Elyvilon
Fedhas
Hepliaklqana
Kikubaaqudgha
Makhleb
Okawaru
Ru
Uskayaw
Vehumet
Wu Jian
Xom
Yredelemnul
Zin
The Shining One

Shops:
D:4 [

Annotations:
D:6 Harold


Message History

You are electrocuted!
You hit Harold but do no damage.
Harold is lightly wounded.
You block Harold's attack.
You hit Harold but do no damage.
Harold is lightly wounded.
You completely miss Harold.
Harold is lightly wounded.
Harold yells, "I don't have all day!"
Harold hits you with a +1 scimitar of electrocution!
You are electrocuted!!
* * * LOW HITPOINT WARNING * * *
A demon appears!
Harold hits you but does no damage.
You are electrocuted!
* * * LOW HITPOINT WARNING * * *
Harold says, "Let's make it quick, okay?
I've got mouths to feed."
Your hellwing swoops through the air toward Harold!
Your hellwing hits Harold! Your hellwing hits Harold.
Harold fires a harpoon shot at you. The harpoon shot hits you!
You die...

###.# #.# #@# #.#
#.# #.# #.# #.#
######.# #.#
##...##.# #.#
#.....#.# #.#
........##########@#
........).......@.4#
....(...############
#.....#.#
.....##.###
#######..)# ## ###.#
.# #.# .# #.# .##
#.#


You could see Harold and a friendly hellwing (summoned).

Vanquished Creatures
  2 two-headed ogres (D:9)
  Grinder (D:5)
  3 wyverns (D:9)
  A yak (D:9)
  A basilisk (D:9)
  3 water moccasins (D:9)
  4 sky beasts
  A black bear (D:9)
  3 orc warriors
  An ogre (D:5)
  A big kobold (D:7)
  9 bullfrogs
  5 scorpions
  2 howler monkeys
  2 centaur zombies (Ossuary)
  6 hounds
  2 orc priests
  A human zombie (Ossuary)
  7 jellies
  4 orc wizards
  3 bullfrog skeletons
  Natasha (thrice) (D:3)
  2 iguanas
  7 worker ants
  A big kobold zombie (Ossuary)
  2 hound zombies
  A hound skeleton (D:7)
  2 mummies (Ossuary)
  3 gnolls (D:2)
  15 adders
  2 shadow imps
  2 white imps
  2 ufetubi
  3 oozes
  2 adder skeletons
  2 adder zombies
  2 worms
  4 dart slugs
  A leopard gecko (D:5)
  16 orcs
  2 ball pythons (D:4)
  5 bats
  8 giant cockroaches
  10 goblins
  6 hobgoblins
  11 jackals
  13 kobolds
  4 quokkas
  5 frilled lizards
  A hobgoblin zombie (Ossuary)
  A kobold zombie (Ossuary)
  A leopard gecko skeleton (D:4)
  2 orc zombies (Ossuary)
  3 quokka skeletons
  6 rats
212 creatures vanquished.

Vanquished Creatures (collateral kills)
  A hornet (D:9)
  A wyvern (D:9)
  2 yaks (D:9)
  A basilisk (D:9)
  A bullfrog skeleton (D:9)
  An orc priest (D:9)
  A killer bee zombie (D:9)
  2 orcs (D:9)
10 creatures vanquished.

Vanquished Creatures (others)
  3 fungi (D:9)
  17 plants (D:9)
20 creatures vanquished.

Grand Total: 242 creatures vanquished

Notes
Turn   | Place    | Note
-------+----------+-------------------------------------------
     0 | D:1      | Queen the Human Fighter began the quest for the Orb.
     0 | D:1      | Reached XP level 1. HP: 18/18 MP: 1/1
    59 | D:1      | Reached XP level 2. HP: 20/24 MP: 2/2
   353 | D:1      | Reached XP level 3. HP: 29/29 MP: 3/3
  1288 | D:2      | Reached XP level 4. HP: 35/35 MP: 4/4
  1787 | D:2      | Reached skill level 3 in Long Blades
  1969 | D:2      | Reached skill level 1 in Dodging
  1969 | D:2      | Reached XP level 5. HP: 28/41 MP: 5/5
  2660 | D:2      | Found a burning altar of Makhleb.
  2665 | D:2      | Became a worshipper of Makhleb the Destroyer
  2884 | D:3      | Found a glowing golden altar of the Shining One.
  2970 | D:3      | Reached XP level 6. HP: 19/48 MP: 6/6
  3132 | D:3      | Found a white marble altar of Elyvilon.
  3146 | D:3      | Noticed Natasha
  3196 | D:3      | Killed Natasha
  3196 | D:3      | Reached skill level 4 in Long Blades
  3283 | D:3      | Noticed Natasha
  3288 | D:3      | Killed Natasha
  3439 | D:3      | Noticed Natasha
  3462 | D:3      | Killed Natasha
  3471 | D:3      | Found a hide-covered altar of Uskayaw.
  3672 | D:4      | Found a radiant altar of Vehumet.
  3813 | D:4      | Noticed a sky beast
  3833 | D:4      | Killed a sky beast
  3833 | D:4      | Reached XP level 7. HP: 30/54 MP: 7/7
  3985 | D:4      | Reached * piety under Makhleb
  4004 | D:4      | Found Voocac's Armour Shop.
  4045 | D:4      | Reached skill level 5 in Long Blades
  4092 | D:4      | You fall into a shaft and drop 2 floors!
  4204 | D:6      | Found a sand-covered staircase.
  4207 | D:6      | Reached XP level 8. HP: 57/60 MP: 8/8
  4213 | Ossuary  | Entered an ossuary
  4650 | D:6      | Reached skill level 6 in Long Blades
  4685 | D:6      | Reached skill level 5 in Armour
  4706 | D:5      | Entered Level 5 of the Dungeon
  4755 | D:5      | Reached skill level 5 in Shields
  4767 | D:5      | Reached ** piety under Makhleb
  4840 | D:5      | Found a snail-covered altar of Cheibriados.
  4927 | D:5      | Found a sacrificial altar of Ru.
  4985 | D:5      | Noticed Grinder
  4985 | D:5      | Paralysed by Grinder for 3 turns
  5027 | D:5      | Killed Grinder
  5095 | D:5      | Reached skill level 7 in Long Blades
  5095 | D:5      | Reached XP level 9. HP: 66/66 MP: 9/9
  5127 | D:5      | Found an iron altar of Okawaru.
  5257 | D:5      | Found a staircase to the Ecumenical Temple.
  5283 | D:5      | Found an ornate altar of the Wu Jian Council.
  5414 | D:5      | Found an ancient bone altar of Kikubaaqudgha.
  5637 | D:4      | Bought a cursed +0 pair of gloves for 18 gold pieces
  5637 | D:4      | Bought a +0 cloak for 54 gold pieces
  5892 | D:6      | Reached skill level 5 in Fighting
  6072 | D:7      | Noticed Harold
  6386 | D:7      | Reached skill level 1 in Invocations
  6457 | D:7      | Reached skill level 8 in Long Blades
  6789 | D:7      | Reached *** piety under Makhleb
  7188 | D:8      | Reached XP level 10. HP: 76/76 MP: 10/10
  7310 | D:8      | Found a basalt altar of Yredelemnul.
  7405 | D:9      | Noticed a two-headed ogre
  7460 | D:9      | Reached skill level 9 in Long Blades
  7556 | D:9      | Found a staircase to the Lair.
  7813 | D:9      | Found a shimmering altar of Xom.
  7894 | D:9      | Noticed a two-headed ogre
  8009 | D:9      | Killed a two-headed ogre
  8119 | D:9      | Reached skill level 10 in Long Blades
  8140 | D:9      | Killed a two-headed ogre
  8140 | D:9      | Reached XP level 11. HP: 68/83 MP: 12/14
  8148 | D:9      | Found a hazy altar of Hepliaklqana.
  8207 | D:9      | Found a glowing silver altar of Zin.
  8207 | D:9      | Found a blossoming altar of Fedhas.
  8549 | D:6      | HP: 2/83 [Harold/+1 scimitar of electrocution (16)]
  8558 | D:6      | Killed from afar by Harold

Illustrated notes

Levels and vault maps discovered:
D:1:      lemuel_arrival_funnel, layout_basic
D:2:      layout_basic, makhleb_heckhound_becter
D:3:      layout_loops_ring, lemuel_doored_altar, old_standard_altar,
          elyvilon_altar_3, uniq_natasha
D:4:      layout_basic, nicolae_overflow_crystal_walls, serial_shops,
          shop_fountains
D:5:      layout_rooms, nicolae_overflow_hidden_temple, kennysheep_little_box,
          okawaru_ov_weapons_minmay, lemuel_crystal_altar,
          lemuel_coloured_pillars_altar, minmay_temple_entry_gardened_gates,
          uniq_grinder
D:6:      layout_loops_ring, chequers_ossuary_entry_cave
D:7:      layout_rooms, uniq_harold
D:8:      layout_cave_pools, kennysheep_mini_moat
D:9:      layout_loops_ring, gammafunk_temple_overflow_elements,
          kennysheep_mini, minmay_lair_entry_grove, basic_altar

Skill      XL: |  1  2  3  4  5  6  7  8  9 10 |
---------------+-------------------------------+-----
Long Blades    | 3 4 5 7 8 10 | 10.1
Dodging        | 1 2 3 |  3.6
Armour         | 4 5 6 7 |  7.1
Shields        | 4 5 6 7 |  7.5
Fighting       | 4 5 6 |  6.7
Invocations    | 1 4 |  4.2

Action                   |  1- 3 |  4- 6 |  7- 9 | 10-12 || total
-------------------------+-------+-------+-------+-------++-------
Melee: Long sword        |    81 |   263 |   528 |   202 ||  1074
Invok: Minor Destruction |       |       |     1 |       ||     1
       Lesser Servant of |       |       |       |     4 ||     4
  Use: Scroll            |       |       |     7 |     2 ||     9
 Stab: Distracted        |       |       |       |     1 ||     1
Armor: Scale mail        |    28 |   108 |   180 |    51 ||   367
Dodge: Dodged            |    19 |    91 |   166 |   105 ||   381
Block: Kite shield       |    42 |   134 |   243 |    91 ||   510
       Rpst.: Long sword |     5 |    27 |    44 |    26 ||   102

Table legend: (Time is in decaauts)
 A = Elapsed time spent in this place.
 B = Non-inter-level travel time spent in this place.
 C = Inter-level travel time spent in this place.
 D = Time resting spent in this place.
 E = Time spent auto-exploring this place.
 F = Levels seen in this place.
 G = Mean time per level.
                   A        B        C        D        E       F      G
               +--------+--------+--------+--------+--------+-----+--------+
         Total |   8764 |   8423 |    341 |    875 |   4741 |  10 |  876.4 |
       Dungeon |   8353 |   8012 |    341 |    737 |   4630 |   9 |  928.1 |
       Ossuary |    410 |    410 |      0 |    138 |    111 |   1 |  410.0 |
               +--------+--------+--------+--------+--------+-----+--------+

Top non-repeatable levels by time:
     D:2: 1552 daAuts
     D:1: 1260 daAuts
     D:9: 1074 daAuts
     D:3: 923 daAuts
     D:6: 889 daAuts
     D:7: 789 daAuts
     D:5: 732 daAuts
     D:8: 574 daAuts
     D:4: 556 daAuts
 Ossuary: 410 daAuts
